 Dungeon Crawl Stone Soup version 0.31.0-9-g3a7656b989 (webtiles) character file.

Game seed: 12100720513532821413

882 qw the Skirmisher (level 7, -1/35 HPs)
             Began as a Spriggan Hunter on Feb 3, 2024.
             Slain by an orc warrior
             ... wielding a +0 glaive
              (13 damage)
             ... on level 5 of the Dungeon.
             The game lasted 00:00:44 (4252 turns).

qw the Skirmisher (Spriggan Hunter)                 Turns: 4252, Time: 00:00:45

Health: -1/35      AC:  5    Str: 11    XL:     7   Next: 76%
Magic:  8/8        EV: 22    Int:  9    God:
Gold:   236        SH:  0    Dex: 20    Spells: 6/6 levels left

rFire   + . .        a - +0 shortbow
rCold   + . .        (shield currently unavailable)
rNeg    . . .        c - +0 robe
rPois   +            (helmet restricted)
rElec   +            k - +2 cloak
rCorr   +            (gloves unavailable)
SInv    +            (boots unavailable)
Will    ++...        (no amulet)
Stlth   ++           b - ring of willpower
HPRegen 0.25/turn    (no ring)
MPRegen 0.11/turn

%: no passive effects
@: resistant, very quick
A: very small, no large weapons, unfitting armour, see invisible, speed 3,
strong 1
a: no special abilities


You were on level 5 of the Dungeon.
You visited 1 branch of the dungeon, and saw 5 of its levels.
You also visited: Ossuary.

You collected 236 gold pieces.


Innate Abilities, Weirdness & Mutations

You are very small and have problems with some larger weapons.
You are too small for most types of armour.
You have supernaturally acute eyesight. (SInv)
You cover ground extremely quickly. (Speed+++)
Your muscles are strong. (Str +4, Int/Dex -1)


   Skills:
 + Level 2.4 Fighting
 - Level 8.0 Ranged Weapons
 - Level 7.0 Dodging
 - Level 1.5 Stealth


You had 6 spell levels left.
You didn't know any spells.
Your spell library was empty.

Inventory:

Hand Weapons
 a - a +0 shortbow (weapon)
Armour
 c - a +0 robe (worn)
 k - a +2 cloak (worn)
Jewellery
 b - a ring of willpower (left hand)
Scrolls
 g - a scroll of enchant armour
 n - 3 scrolls of teleportation
Potions
 d - 2 potions of heal wounds
 e - 4 potions of curing
 f - a potion of cancellation
 h - a potion of lignification {unknown}
 i - a potion of brilliance {unknown}
 j - a potion of enlightenment {unknown}
 l - 2 potions of mutation
 m - 2 potions of resistance
 o - a potion of degeneration {unknown}
 s - a potion of haste

Dungeon Overview and Level Annotations

Branches:
Dungeon (5/15)             Temple (0/1) D:4         Ossuary (visited)

Altars:
Cheibriados


Message History

You shoot an arrow. The arrow hits the orc wizard!
You kill the orc wizard!
Found a book of Decay.
Found an escape hatch in the ceiling.
An orc warrior and 2 orc wizards come into view.
The orc warrior shouts!
A dart slug comes into view.
You shoot an arrow. The orc wizard shouts! x2
The arrow hits the orc wizard.
The orc wizard is lightly wounded.
You shoot an arrow. The arrow hits the orc wizard!
The orc wizard is severely wounded.
You shoot an arrow. The arrow hits the orc wizard.
You kill the orc wizard!
You shoot an arrow.
The arrow barely misses the orc warrior.
You shoot an arrow. The arrow hits the orc warrior.
The orc warrior is lightly wounded.
You shoot an arrow.
The arrow completely misses the orc warrior.
You shoot an arrow. The arrow hits the orc warrior!
The orc warrior is moderately wounded.
The orc warrior misses you.
You shoot an arrow.
The arrow closely misses the orc warrior.
The orc warrior hits you from afar with a +0 glaive.
You shoot an arrow.
The arrow hits the orc warrior but does no damage.
The orc warrior is moderately wounded.
The orc warrior closely misses you.
You shoot an arrow.
The arrow hits the orc warrior but does no damage.
The orc warrior is moderately wounded.
The orc warrior hits you from afar with a +0 glaive!!
Ouch! That really hurt!
You shoot an arrow. The arrow hits the orc warrior.
The orc warrior is moderately wounded.
The orc warrior hits you from afar with a +0 glaive!
You die...

#.##.# ... #.##.#
.. #######.##.#
##.## ........##.#
....## ########...)
#..!# #.... #..#
#.... #..######
###.# #.@.....#
#...# #.#####.#
#.#.# #o#####.###
##.#.. #o#.......#
#..#..
#w#....##.####.#...
#.#.:..........#...
#.#........().>....
#.#...........##...
#<..........##...


You could see an orc warrior, an orc wizard and a dart slug.

Vanquished Creatures
  A black bear (D:5)
  A phantom (D:5)
  An elf zombie (Ossuary)
  2 centaur zombies (Ossuary)
  An orc priest (D:3)
  A hound (D:4)
  Natasha (thrice) (D:3)
  3 orc wizards (D:5)
  Terence (D:2)
  3 ogre zombies (Ossuary)
  8 mummies
  Robin (D:3)
  A gnoll (D:1)
  4 adders
  A shadow imp (D:5)
  2 adder zombies (Ossuary)
  3 dart slugs
  3 ribbon worms
  13 orcs
  6 endoplasms
  4 giant cockroaches
  14 goblins
  9 hobgoblins
  2 jackals (D:4)
  9 kobolds
  3 quokkas
  4 ball pythons
  A bat (D:1)
  5 frilled lizards
  6 goblin zombies (Ossuary)
  6 hobgoblin zombies (Ossuary)
  2 kobold zombies (Ossuary)
  6 quokka zombies (Ossuary)
  7 rats
  2 rat zombies (Ossuary)
139 creatures vanquished.

Notes
Turn   | Place    | Note
-------+----------+-------------------------------------------
     0 | D:1      | qw the Spriggan Hunter began the quest for the Orb.
     0 | D:1      | Reached XP level 1. HP: 10/10 MP: 2/2
     0 | D:1      | 0 ||| qw: Version: 0.3-a-155-g5e7d8dd
     0 | D:1      | 0 ||| qw: Game counter: 2930
     0 | D:1      | 0 ||| qw: Melee chars always use a shield: true
     0 | D:1      | 0 ||| qw: God list: Okawaru
     0 | D:1      | 0 ||| qw: Allow faded altars: false
     0 | D:1      | 0 ||| qw: Do Orc after clearing Dungeon:15 true
     0 | D:1      | 0 ||| qw: Do second Lair branch before Depths: true
     0 | D:1      | 0 ||| qw: Lair rune preference: random
     0 | D:1      | 0 ||| qw: Goals: Normal
     0 | D:1      | 0 ||| PLANNING D:1-11
    41 | D:1      | Reached skill level 3 in Dodging
   249 | D:1      | Reached XP level 2. HP: 14/14 MP: 3/3
   552 | D:1      | Reached XP level 3. HP: 18/18 MP: 4/4
   666 | D:1      | 666 ||| DROPPING scroll of butterflies.
   822 | D:2      | Noticed Terence
   831 | D:2      | Killed Terence
   832 | D:2      | Reached skill level 5 in Ranged Weapons
   832 | D:2      | Reached XP level 4. HP: 22/22 MP: 5/5
  1681 | D:2      | 1681 ||| READING scroll labelled GOROMP OS HIG.
  1685 | D:2      | 1685 ||| READING scroll labelled YMO YTRUBUWN.
  1686 | D:2      | 1686 ||| READING scroll labelled NUIL VUSISHRODE.
  1686 | D:2      | 1686 ||| IDENTIFYING fuming red potion
  1687 | D:2      | 1687 ||| READING scroll labelled YKOGASHR IVEGIV.
  1688 | D:2      | 1688 ||| DRINKING 2 lumpy purple potions.
  1791 | D:3      | Noticed Natasha
  1799 | D:3      | 1799 ||| DRINKING potion of haste.
  1800 | D:3      | Killed Natasha
  1813 | D:3      | Noticed Natasha
  1818 | D:3      | Killed Natasha
  1819 | D:3      | Reached XP level 5. HP: 25/26 MP: 6/6
  1874 | D:3      | Noticed Robin
  1878 | D:3      | Killed Robin
  2135 | D:3      | Noticed Natasha
  2150 | D:3      | Killed Natasha
  2151 | D:3      | Reached skill level 6 in Ranged Weapons
  2379 | D:3      | 2379 ||| UPGRADING to ring of willpower.
  2380 | D:3      | 2380 ||| READING scroll labelled YVUABURHUI.
  2381 | D:3      | 2381 ||| READING scroll labelled UCUDAM USKEWNU.
  2382 | D:3      | 2382 ||| DRINKING 2 fizzy pink potions.
  2382 | D:3      | Gained mutation: Your muscles are strong. (Str +4, Int/Dex
                  | -1) [potion of mutation]
  2384 | D:3      | 2384 ||| Stepping ~*~*~tactically~*~*~ (cloud).
  2475 | D:4      | 2475 ||| STAIRDANCE
  2481 | D:4      | 2481 ||| STAIRDANCE
  2509 | D:4      | Reached XP level 6. HP: 30/30 MP: 7/7
  2801 | D:4      | Found a staircase to the Ecumenical Temple.
  2802 | D:4      | 2802 ||| PLANNING TEMPLE
  2858 | D:4      | Reached skill level 6 in Dodging
  2964 | D:4      | Found a snail-covered altar of Cheibriados.
  3084 | D:4      | 3084 ||| UPGRADING to +1 cloak.
  3089 | D:4      | 3089 ||| READING scroll of identify.
  3089 | D:4      | 3089 ||| IDENTIFYING murky blue potion
  3090 | D:4      | 3090 ||| READING scroll labelled ROCSAI GESCHOE.
  3090 | D:4      | 3090 ||| ENCHANTING +1 cloak.
  3144 | D:5      | Entered Level 5 of the Dungeon
  3145 | D:5      | 3145 ||| PLANNING OSSUARY
  3247 | D:5      | 3247 ||| FLEEEEING.
  3248 | D:5      | 3248 ||| FLEEEEING.
  3249 | D:5      | 3249 ||| FLEEEEING.
  3251 | D:5      | 3251 ||| FLEEEEING.
  3261 | D:5      | 3261 ||| FLEEEEING.
  3262 | D:5      | 3262 ||| FLEEEEING.
  3263 | D:5      | 3263 ||| FLEEEEING.
  3264 | D:5      | 3264 ||| FLEEEEING.
  3265 | D:5      | 3265 ||| FLEEEEING.
  3268 | D:5      | 3268 ||| FLEEEEING.
  3269 | D:5      | 3269 ||| STAIRDANCE
  3309 | D:5      | 3309 ||| FLEEEEING.
  3311 | D:5      | 3311 ||| FLEEEEING.
  3312 | D:5      | 3312 ||| FLEEEEING.
  3314 | D:5      | 3314 ||| FLEEEEING.
  3315 | D:5      | 3315 ||| FLEEEEING.
  3316 | D:5      | 3316 ||| FLEEEEING.
  3318 | D:5      | 3318 ||| FLEEEEING.
  3319 | D:5      | 3319 ||| FLEEEEING.
  3321 | D:5      | 3321 ||| FLEEEEING.
  3322 | D:5      | 3322 ||| FLEEEEING.
  3323 | D:5      | 3323 ||| FLEEEEING.
  3325 | D:5      | 3325 ||| FLEEEEING.
  3326 | D:5      | 3326 ||| FLEEEEING.
  3328 | D:5      | 3328 ||| FLEEEEING.
  3363 | D:5      | Reached skill level 7 in Ranged Weapons
  3363 | D:5      | Reached XP level 7. HP: 25/35 MP: 8/8
  3474 | D:5      | Found a sand-covered staircase.
  3514 | Ossuary  | Entered an ossuary
  3563 | Ossuary  | 3563 ||| RETREEEEATING.
  4131 | Ossuary  | Reached skill level 8 in Ranged Weapons
  4177 | Ossuary  | 4177 ||| READING scroll of identify.
  4177 | Ossuary  | 4177 ||| IDENTIFYING brown potion
  4178 | Ossuary  | 4178 ||| READING scroll labelled CEAPNY ESCHURO.
  4179 | Ossuary  | 4179 ||| READING scroll labelled DULYET MAHEIN.
  4180 | Ossuary  | 4180 ||| DRINKING 3 cyan potions.
  4193 | D:5      | 4193 ||| PLANNING TEMPLE
  4252 | D:5      | Slain by an orc warrior

Levels and vault maps discovered:
D:1:      heliophobic_arrival_henge, layout_loops_ring
D:2:      layout_basic, uniq_terence
D:3:      layout_basic, nicolae_twisty_statue_hallways, uniq_natasha, uniq_robin
D:4:      layout_loops_ring, mainiacjoe_overflow_alcove_1,
          minmay_temple_entry_from_below_a
D:5:      layout_basic, gup_ossuary_entry_pyramid, uniq_ijyb

Skill      XL: |  1  2  3  4  5  6  7 |
---------------+----------------------+-----
Dodging        | 3 4 5 6 7 |  7.0
Ranged Weapons | 5 6 7 8 |  8.0
Fighting       | 2 |  2.4
Stealth        | |  1.5

Action                     |  1- 3 |  4- 6 |  7- 9 || total
---------------------------+-------+-------+-------++-------
   Fire: Shortbow          |    86 |   254 |   222 ||   562
    Use: Scroll            |       |     8 |     3 ||    11
         Potion            |       |     3 |     1 ||     4
 Armour: Robe              |     5 |    21 |    26 ||    52
  Dodge: Dodged            |    23 |   112 |    93 ||   228

Table legend:
 A = Non-vault XP
 B = Vault XP
 C = Vault XP percentage of total XP
 D = Non-vault monster count
 E = Vault monster count
 F = Vault count percentage of total count
                 A         B        C        D         E       F
            +---------+---------+-------+---------+---------+-------
      Total |     717 |     544 |  43.1 |      87 |      52 |  37.4
            +---------+---------+-------+---------+---------+-------
        D:1 |      47 |       0 |   0.0 |      21 |       0 |   0.0
        D:2 |      50 |      32 |  39.0 |      14 |       1 |   6.7
        D:3 |     175 |      71 |  28.9 |      27 |      13 |  32.5
        D:4 |      90 |       0 |   0.0 |      16 |       0 |   0.0
        D:5 |     355 |      16 |   4.3 |       9 |       1 |  10.0
    Ossuary |       0 |     425 | 100.0 |       0 |      37 | 100.0
            +---------+---------+-------+---------+---------+-------
